 Dungeon Crawl Stone Soup version 0.32-a0-571-gec57dfcd37 (webtiles) character file.

Game seed: 14202289457044734239

170 BeKind the Ducker (level 5, -4/37 HPs)
             Began as an Octopode Fighter on Mar 1, 2024.
             Slain by an orc wizard
             ... wielding a +1 dagger of protection
              (6 damage)
             ... on level 3 of the Dungeon.
             The game lasted 00:03:12 (2105 turns).

BeKind the Ducker (Octopode Fighter)                Turns: 2105, Time: 00:03:13

Health: -4/37      AC:  1    Str: 16    XL:     5   Next: 51%
Magic:  5/5        EV: 14    Int: 10    God:
Gold:   66         SH:  5    Dex: 13    Spells: 4/4 levels left

rFire   . . .        a - +0 trident
rCold   . . .        b - +0 buckler
rNeg    . . .        (helmet currently unavailable)
rPois   .            (no amulet)
rElec   .            k - ring of willpower
rCorr   .            (no ring)
SInv    .            (no ring)
Will    +....        (no ring)
Stlth   ++           (no ring)
HPRegen 0.26/turn    (no ring)
MPRegen 0.09/turn    (no ring)
                     (no ring)

%: no passive effects
@: beast-form, attractive
A: beast (slay +0), almost no armour, amphibious, 8 rings, camouflage 1,
gelatinous body 1, (nimble swimmer 1), tentacles
a: Begin Untransformation


You were on level 3 of the Dungeon.
You were a hulking beast.
You visited 1 branch of the dungeon, and saw 3 of its levels.

You collected 66 gold pieces.

Inventory:

Hand Weapons
 a - a +0 trident (weapon)
Armour
 b - a +0 buckler (worn)
Jewellery
 k - a ring of willpower (left tentacle)
Talismans
 d - a beast talisman (active)
Scrolls
 e - 2 scrolls of teleportation {unknown}
 h - a scroll of immolation {unknown}
 i - 2 scrolls of blinking {unknown}
 j - 2 scrolls of identify {unknown}
 m - a scroll of vulnerability {unknown}
Potions
 c - 2 potions of might
 f - a potion of brilliance {unknown}
 g - a potion of attraction
 l - 2 potions of enlightenment {unknown}


   Skills:
 + Level 3.9 Fighting
 + Level 3.1 Polearms
 + Level 4.0 Dodging
 + Level 3.9 Shields


You had 4 spell levels left.
You didn't know any spells.
Your spell library contained the following spells:

 Spells                   Type           Power      Damage    Failure   Level
 Dazzling Flash           Conj/Hex       0%         N/A       82%         3
 Stone Arrow              Conj/Erth      0%         3d7       82%         3
 Volatile Blastmotes      Fire/Tloc      0%         2d10      82%         3
 Starburst                Conj/Fire      0%         6d3       100%        6
 Lehudib's Crystal Spear  Conj/Erth      0%         10d2      100%        8
 Maxwell's Capacitive Co  Air            0%         ∞         100%        8
 Animate Armour           Summ/Erth      Unusable   N/A       N/A         4

Dungeon Overview and Level Annotations

Branches:
Dungeon (3/15)

Altars:

Shops:
D:1 ([


Innate Abilities, Weirdness & Mutations

You are a hulking beast.
Your limbs bulge with bestial killing power. (Slay +0)
You cannot wear most types of armour.
You are amphibious.
You can wear up to eight rings at the same time.
Your skin changes colour to match your surroundings (Stealth+).
Your rubbery body absorbs attacks. (AC +1, EV +1)
((You are camouflaged when in or above water. (Stealth+)))
You have tentacles for arms and can constrict up to eight enemies at once.


Message History

You hear a shout!
Something hits you.
The orc moves out of view.
You barely miss the orc. You grab the orc. You squeeze the orc!
You kill the orc!
Something hits you.
No target in view!
No target in view!
No target in view!
No target in view!
No target in view!
No target in view!
No target in view!
No target in view!
No target in view!
No target in view!
No target in view!
No target in view!
No target in view!
No target in view!
No target in view!
No target in view!
No target in view!
No target in view!
You barely miss something. Your squeeze misses something. Something hits you.
You closely miss something. Something barely misses you. Something hits you.
You hit something. Your squeeze misses something. Something hits you.
You miss something. Something hits you.
You completely miss something. Your squeeze misses something.
Something hits you.
You miss something. Something hits you.
You barely miss something. Your squeeze misses something. Something hits you.
* * * LOW HITPOINT WARNING * * *
Something hits you.
* * * LOW HITPOINT WARNING * * *
You hit something. Something hits you.
* * * LOW HITPOINT WARNING * * *
It was a potion of attraction.
You feel attractive to monsters. Something hits you.
You die...

.. ..............< ...
..............
...###..........#.#
.......#.......#.#
......#... .....#####
#...#.## #........
#.....#####†....##
..#.###)...............#
......)h.##..##.........
..#...{#.###....####....
##.......#..### ###..
......##...... ####...
..#.#... #..###.##......
........ ..... .##......
....###. #.#............
.. . ............
............


There were no monsters in sight!

Vanquished Creatures
  An orc priest (D:2)
  Terence (D:2)
  Natasha (D:2)
  An orc wizard (D:3)
  An adder (D:2)
  2 ribbon worms (D:2)
  4 orcs
  5 endoplasms
  5 giant cockroaches
  3 hobgoblins (D:1)
  2 quokkas
  4 ball pythons
  3 bats (D:2)
  A frilled lizard (D:2)
  4 goblins
  8 kobolds
  3 rats
49 creatures vanquished.

Notes
Turn   | Place    | Note
-------+----------+-------------------------------------------
     0 | D:1      | BeKind the Octopode Fighter began the quest for the Orb.
     0 | D:1      | Reached XP level 1. HP: 16/16 MP: 1/1
   137 | D:1      | Found Qariqi's Weapon Boutique.
   539 | D:1      | Reached XP level 2. HP: 21/21 MP: 2/2
   682 | D:1      | Found Yxutucuf's Armour Emporium.
   739 | D:1      | You fall into a shaft and drop 1 floor!
   792 | D:2      | Reached XP level 3. HP: 13/26 MP: 3/3
  1061 | D:2      | Noticed Terence
  1068 | D:2      | Killed Terence
  1069 | D:2      | Reached XP level 4. HP: 27/31 MP: 4/4
  1551 | D:3      | Noticed Natasha
  1560 | D:2      | Killed Natasha
  1982 | D:2      | Reached XP level 5. HP: 37/37 MP: 5/5
  1989 | D:3      | Reached skill level 4 in Dodging
  2104 | D:3      | HP: 1/37 [something (4)]
  2105 | D:3      | Slain by an orc wizard

Illustrated notes

Levels and vault maps discovered:
D:1:      dpeg_arrival_tiny_d, layout_basic, serial_shops,
          nicolae_shop_back_alley_shop, nicolae_shop_rolling_square,
          nicolae_shop_tiny_statue_garden
D:2:      layout_loops_ring, uniq_terence
D:3:      layout_rooms, tso_oasis_becter, mainiacjoe_overflow_alcove_1,
          zin_angel, uniq_natasha

Skill      XL: |  1  2  3  4  5 |
---------------+----------------+-----
Polearms       | 3 |  3.1
Dodging        | 4 |  4.0
Fighting       | |  3.9
Shields        | |  3.9

Action                     |  1- 3 |  4- 6 || total
---------------------------+-------+-------++-------
  Melee: Trident           |    48 |    54 ||   102
         Constrict         |    10 |    10 ||    20
         Tentacles         |    11 |     9 ||    20
    Use: Potion            |       |     1 ||     1
   Stab: Sleeping          |     3 |     5 ||     8
 Armour: Skin              |     6 |    19 ||    25
  Dodge: Dodged            |    11 |    23 ||    34
  Block: Buckler           |     6 |     6 ||    12
   Form: Beast             |     1 |       ||     1

Table legend: (Time is in decaauts)
 A = Elapsed time spent in this place.
 B = Non-inter-level travel time spent in this place.
 C = Inter-level travel time spent in this place.
 D = Time resting spent in this place.
 E = Time spent auto-exploring this place.
 F = Levels seen in this place.
 G = Mean time per level.
                   A        B        C        D        E       F      G
               +--------+--------+--------+--------+--------+-----+--------+
         Total |   2128 |   1961 |    167 |    469 |   1179 |   3 |  709.3 |
       Dungeon |   2128 |   1961 |    167 |    469 |   1179 |   3 |  709.3 |
               +--------+--------+--------+--------+--------+-----+--------+

Top non-repeatable levels by time:
     D:2: 1237 daAuts
     D:1: 743 daAuts
     D:3: 146 daAuts
